 Seeded DCSS version 0.29.1-4-g47bece8355 (webtiles) character file.

Game seed: 1738030888014195264 (custom seed)

224 kingsuperguy the Slasher (level 5, -9/70 HPs)
             Began as a Minotaur Fighter on Dec 2, 2022.
             Killed by divine providence
             ... invoked by an orc priest
              (11 damage)
             ... on level 5 of the Dungeon.
             The game lasted 00:04:24 (3869 turns).

kingsuperguy the Slasher (Minotaur Fighter)         Turns: 3869, Time: 00:04:25

Health: -9/70      AC: 22    Str: 23    XL:     5   Next: 67%
Magic:  4/4        EV:  2    Int:  5    God:
Gold:   246        SH:  4    Dex:  9    Spells: 4/4 levels left

rFire   . . .      SeeInvis .   a - +0 long sword
rCold   . . .      Faith    .   c - +0 buckler
rNeg    . . .      Spirit   .   (body armour currently unavailable)
rPois   +          Reflect  .   (helmet currently unavailable)
rElec   .          Harm     .   (cloak currently unavailable)
rCorr   .          Rampage  .   (gloves currently unavailable)
Will    .....      NoTele   +   (boots currently unavailable)
Stlth   +.........              (no amulet)
HPRegen 0.21/turn               (no ring)
MPRegen 0.09/turn               (no ring)

@: tree-form
A: stationary, stasis, torment immunity, boosted hp, (horns 2), (retaliatory
headbutt)
a: no special abilities


You were on level 5 of the Dungeon.
You were a tree.
You visited 1 branch of the dungeon, and saw 5 of its levels.

You collected 246 gold pieces.

Inventory:

Hand Weapons
 a - a +0 long sword (weapon)
Missiles
 d - a throwing net (quivered)
Armour
 b - a +0 scale mail (melded)
 c - a +0 buckler (worn)
 p - a +0 pair of boots (melded)
 s - a +0 cloak (melded)
Jewellery
 o - an amulet of guardian spirit
 t - a +6 ring of intelligence
Scrolls
 h - 6 scrolls of identify {unknown}
 k - a scroll of fear {unknown}
 l - 2 scrolls of blinking {unknown}
 n - a scroll of vulnerability {unknown}
 q - 3 scrolls of teleportation {unknown}
Potions
 e - a potion of brilliance {unknown}
 f - a potion of curing {unknown}
 g - 2 potions of magic {unknown}
 i - a potion of experience {unknown}
 m - a potion of degeneration {unknown}
 r - a potion of cancellation {unknown}


   Skills:
 + Level 4.7 Fighting
 * Level 4.8 Long Blades
 + Level 4.8 Armour
 + Level 4.8 Shields


You had 4 spell levels left.
You didn't know any spells.
Your spell library contained the following spells:

 Spells                   Type           Power      Damage    Failure   Level
 Magic Dart               Conj           0%         1d3       56%         1
 Call Imp                 Summ           0%         N/A       71%         2
 Mephitic Cloud           Conj/Pois/Air  0%         N/A       90%         3


Dungeon Overview and Level Annotations

Branches:
Dungeon (5/15)
 Temple: D:4-7

Altars:
Sif Muna

Shops:
D:1 (   D:3 =   D:4 *


Innate Abilities, Weirdness & Mutations

You are a tree.
Your roots penetrate the ground, keeping you stationary.
You cannot be teleported.
You are immune to unholy pain and torment.
Your maximum health is greatly increased.
Your equipment is partially melded.
((You have a pair of horns on your head.))
((You reflexively headbutt those who attack you in melee.))


Message History

Your headbutt misses the orc priest.
The orc priest is lightly wounded.
The orc priest mumbles some strange prayers to Beogh against you.
Beogh smites you!
You barely miss the orc priest.
The orc priest is lightly wounded.
The orc priest invokes the aid of Beogh against you.
Pain shoots through your body!
You completely miss the orc priest.
The orc priest is lightly wounded.
The orc priest hits you with a +0 war axe!
* * * LOW HITPOINT WARNING * * *
You barely miss the orc priest. Your headbutt misses the orc priest.
The orc priest is lightly wounded.
The orc priest hits you with a +0 war axe.
* * * LOW HITPOINT WARNING * * *
Sorry, you're not good enough to have a special ability.
It was a potion of lignification.
You turn into a tree.
Your +0 cloak melds into your body.
Your +0 pair of boots melds into your body.
Your +0 scale mail melds into your body.
Your roots penetrate the ground.
The orc priest hits you but does no damage.
You barely miss the orc priest.
The orc priest is lightly wounded.
The orc priest hits you but does no damage.
The orc priest hits you with a +0 war axe.
* * * LOW HITPOINT WARNING * * *
You start putting on your amulet.
You continue putting on your amulet of guardian spirit.
The orc priest hits you but does no damage.
Keep equipping yourself? [Y]es or [N]o only, please.
Keep equipping yourself? [Y]es or [N]o only, please.
Keep equipping yourself?
You continue putting on your amulet of guardian spirit.
The orc priest calls down the wrath of Beogh upon you.
Beogh smites you!
You die...

. .. ... ....
.....
############......
#<...)...♣ow.....#
#############.....
#.#


You could see an orc priest and a dart slug.

Vanquished Creatures
  Crazy Yiuf (D:2)
  Natasha (D:3)
  Terence (D:2)
  4 gnolls (D:2)
  2 adders
  4 worms
  3 dart slugs
  4 orcs (D:5)
  8 bats
  6 endoplasms
  2 giant cockroaches (D:1)
  7 hobgoblins
  7 kobolds
  A quokka (D:3)
  5 ball pythons
  4 frilled lizards
  11 goblins
  5 rats
76 creatures vanquished.

Notes
Turn   | Place    | Note
-------+----------+-------------------------------------------
     0 | D:1      | kingsuperguy the Minotaur Fighter began the quest for the
                  | Orb.
     0 | D:1      | Reached XP level 1. HP: 19/19 MP: 0/0
    56 | D:1      | Found a faded altar of an unknown god.
    81 | D:1      | Reached XP level 2. HP: 27/27 MP: 1/1
   233 | D:1      | Found Ismoeso's Weapon Emporium.
   597 | D:2      | Reached XP level 3. HP: 33/33 MP: 2/2
   665 | D:3      | Noticed Natasha
   678 | D:3      | Killed Natasha
   866 | D:3      | Found Ihunad's Jewellery Shop.
   932 | D:3      | Reached XP level 4. HP: 18/40 MP: 3/3
  1576 | D:2      | Found a runed translucent door.
  1577 | D:2      | Noticed Crazy Yiuf
  1712 | D:2      | Noticed Terence
  1720 | D:2      | Killed Terence
  1913 | D:2      | Reached XP level 5. HP: 16/47 MP: 4/4
  2612 | D:2      | Paralysed by Crazy Yiuf for 3 turns
  2616 | D:2      | Killed Crazy Yiuf
  3637 | D:4      | Found a shimmering blue altar of Sif Muna.
  3755 | D:4      | Identified the +1 leather armour "Languuv" {rF- rN+ Stlth+}
  3798 | D:4      | Found Bifryr's General Store.
  3815 | D:5      | Entered Level 5 of the Dungeon
  3867 | D:5      | HP: 2/70 [orc priest/+0 war axe (3)]
  3869 | D:5      | Killed from afar by an orc priest

Illustrated notes

Levels and vault maps discovered:
D:1:      evilmike_arrival_crescent, layout_rooms,
          hellmonk_ecumenical_altar_zigzags, serial_shops, nicolae_shop_trees,
          grunt_decor_resistance
D:2:      layout_basic, uniq_terence, uniq_crazy_yiuf_cottage
D:3:      cheibrodos_greedy_goblins, layout_loops_ring, serial_shops,
          nicolae_shop_trees, uniq_natasha
D:4:      layout_rooms, led_sif_book, serial_shops, nicolae_take_the_stairs
D:5:      layout_basic, lemuel_zombie_altar_kikubaaqudgha, uniq_pikel

Skill      XL: |  1  2  3  4 |
---------------+-------------+-----
Long Blades    | 3 4 |  4.8
Shields        | 4 |  4.8
Armour         | 4 |  4.8
Fighting       | 4 |  4.7

Action                   |  1- 3 |  4- 6 || total
-------------------------+-------+-------++-------
Melee: Long sword        |    84 |   107 ||   191
       Headbutt          |     8 |    17 ||    25
  Use: Potion            |     1 |     4 ||     5
Armor: Scale mail        |    43 |    46 ||    89
       Skin              |       |     3 ||     3
Dodge: Dodged            |    39 |    54 ||    93
Block: Buckler           |    26 |    28 ||    54
